 Dungeon Crawl Stone Soup version 0.31.0-11-ge490571c62 (webtiles) character file.

Game seed: 1585762415804381113

45 mandarbmax the Apothecary (level 3, -2/28 HPs)
             Began as a Naga Alchemist on Jan 28, 2024.
             Slain by a gnoll
             ... wielding a +0 spear
              (5 damage)
             ... on level 2 of the Dungeon.
             The game lasted 00:04:08 (1471 turns).

mandarbmax the Apothecary (Naga Alchemist)          Turns: 1471, Time: 00:04:09

Health: -2/28      AC:  2    Str: 10    XL:     3   Next: 64%
Magic:  0/6        EV:  9    Int: 17    God:
Gold:   37         SH:  4    Dex: 11    Spells: 3/6 levels left

rFire   + . .        (no weapon)
rCold   . . .        e - +0 buckler
rNeg    . . .        a - +0 robe
rPois   +            (no helmet)
rElec   .            (no cloak)
rCorr   .            (no gloves)
SInv    +            (no barding)
Will    .....        j - amulet of guardian spirit
Stlth   ++           c - ring of protection from fire
HPRegen 0.24/turn    (no ring)
MPRegen 0.10/turn

%: guardian spirit
@: short of breath, very slightly contaminated, very slow
A: AC +1, large, see invisible, deformed body, poison resistance, slowness 2,
spit poison 1, naga tail 1
a: Spit Poison


You were on level 2 of the Dungeon.
You visited 1 branch of the dungeon, and saw 2 of its levels.

You collected 37 gold pieces.

Inventory:

Armour
 a - a +0 robe (worn)
 e - a +0 buckler (worn)
Jewellery
 c - a ring of protection from fire (left hand)
 j - an amulet of guardian spirit (around neck)
Scrolls
 g - a scroll of amnesia
 k - a scroll of fog
Potions
 b - a potion of magic
 f - a potion of attraction {unknown}
 h - 2 potions of invisibility {unknown}
 l - a potion of cancellation {unknown}


   Skills:
 + Level 1.9 Dodging
 - Level 3.0 Stealth
 + Level 1.0 Shields
 + Level 2.3 Spellcasting
 - Level 1.0 Conjurations
 + Level 0.5 Air Magic
 * Level 4.3 Alchemy


You had 3 spell levels left.
You knew the following spells:

 Your Spells              Type           Power      Damage    Failure   Level
a - Sting                 Conj/Alch      44%        1d5       10%         1
b - Mercury Vapours       Alch/Air       20%        N/A       16%         2

Your spell library contained the following spells:

 Spells                   Type           Power      Damage    Failure   Level
 Mephitic Cloud           Conj/Alch/Air  8%         N/A       36%         3
 Olgreb's Toxic Radiance  Alch           16%        N/A       43%         4
 Sticky Flame             Fire/Alch      9%         2d5       75%         4


Dungeon Overview and Level Annotations

Branches:
Dungeon (2/15)

Altars:


Innate Abilities, Weirdness & Mutations

Your serpentine skin is tough. (AC +1)
You have supernaturally acute eyesight. (SInv)
Armour fits poorly on your strangely shaped body.
Your system is resistant to poisons. (rPois)
You cover ground very slowly.
You can spit poison.
You have a snake-like lower body.


Message History

The gnoll is poisoned.
The gnoll is severely wounded.
The gnoll attacks as it pursues you! The gnoll hits you with a +0 flail!
The gnoll hits you with a +0 flail.
Okay, then.
Casting: Sting (safe; 10% risk of failure)
Confirm with . or Enter, or press ? or * to list all spells.
Okay, then.
You hit the gnoll.
You kill the gnoll!
You have got your breath back.
Your Shields skill increases to level 1!
Casting: Sting (safe; 10% risk of failure)
Confirm with . or Enter, or press ? or * to list all spells.
Aiming: Mercury Vapours (safe; 16% risk of failure)
Press: ? - help, Dir - move target, f - gnoll
Aim: a gnoll, wielding a +0 spear (chance to weaken: 100%)
You miscast Mercury Vapours.
Nothing appears to happen.
Unknown command.
Aiming: Spit Poison (2% risk of failure)
Press: ? - help, Shift-Dir - straight line, f - gnoll, p - gnoll
Aim: a gnoll, wielding a +0 spear and quivering a throwing net (65% to hit)
The splash of poison hits the gnoll.
The gnoll is moderately wounded.
You block the gnoll's attack.
Unknown command.
Unknown command.
As you read the scroll labelled RUC YRAMEONIDO, it dissolves into smoke.
It was a scroll of fog.
The gnoll hits you from afar with a +0 spear!
* * * LOW HITPOINT WARNING * * *
As you read the scroll labelled GAEMY BESO, it crumbles to dust.
It is a scroll of identify.
g - a scroll of amnesia The gnoll hits you from afar with a +0 spear.
* * * LOW HITPOINT WARNING * * *
As you read the scroll labelled SYIMIUCL KURA, it crumbles to dust.
You feel aware of your surroundings.
It was a scroll of revelation.
The gnoll hits you from afar with a +0 spear.
You die...

,,,**<,,,,* #..#
,,,>,,*,*#######.#######
*,,,,,,,*#######...#####
,,*,,,*,,#########.#####
*****,,,,#########....##
,,,,,,,,,############.##
*****,,[.############.##
* ***,,...g§§§#######..#
* *,,,,,*####gg§@§####.#
* *,*,*,*########§§§##.#
*,*,*,,##########§§..#
*,,,**,###############
*,,***,..#############
*,,* **#.#############
*,** #..#..........# *,*
##.#..........# *,*
*,,,,,,>,,,,,*


You could see 3 gnolls.

Vanquished Creatures
  A gnoll (D:2)
  An adder (D:2)
  An endoplasm (D:1)
  A giant cockroach (D:1)
  4 hobgoblins (D:1)
  4 jackals (D:2)
  A quokka (D:2)
  2 ball pythons (D:1)
  5 bats
  2 frilled lizards (D:1)
  A kobold (D:1)
  3 rats (D:1)
26 creatures vanquished.

Notes
Turn   | Place    | Note
-------+----------+-------------------------------------------
     0 | D:1      | mandarbmax the Naga Alchemist began the quest for the Orb.
     0 | D:1      | Reached XP level 1. HP: 15/15 MP: 3/3
   482 | D:1      | Reached XP level 2. HP: 22/22 MP: 1/5
   791 | D:1      | Learned a level 2 spell: Mercury Vapours
   880 | D:1      | Reached skill level 4 in Alchemy
  1200 | D:2      | Reached XP level 3. HP: 28/28 MP: 0/6
  1466 | D:2      | Reached skill level 1 in Shields
  1471 | D:2      | Slain by a gnoll

Illustrated notes

Levels and vault maps discovered:
D:1:      minmay_arrival_hallway, layout_loops_corners, minmay_liquid_box
D:2:      layout_rooms, uniq_sigmund

Skill      XL: |  1  2  3 |
---------------+----------+-----
Alchemy        | 4 |  4.3
Shields        | 1 |  1.0
Dodging        | |  1.9
Stealth        | |  3.0
Spellcasting   | |  2.3
Conjurations   | |  1.0
Air Magic      | |  0.5

Action                     || total
---------------------------++-------
  Melee: Unarmed           ||    10
   Cast: Sting             ||    35
         Mercury Vapours   ||     2
Ability: Spit Poison       ||    16
    Use: Scroll            ||     3
   Stab: Sleeping          ||     1
 Armour: Robe              ||    16
  Dodge: Dodged            ||     9
  Block: Buckler           ||     7
